Map: Crête de Lerilak

Players

guest

  • Race: Protoss Protoss
  • League: Bronze
  • Spawn Location: 1:00

zidar - Winner!

  • Race: Zerg Zerg
  • League: Silver
  • Spawn Location: 7:00

VOD

Have the link to the VOD?

Description

Time

  • Played on: Feb. 7, 2016, 2:10 p.m.
  • Length: 10:53
Show
View Real Time Build Order
Export as new Build Order

guest Protoss 

Build Orders:  

Get SALT Encoding   

  12  0:14  Pylon  
  12  0:16  Probe (Chrono Boost)  
  13  0:34  Probe (Chrono Boost)  
  14  0:35  Gateway  
  14  0:42  Assimilator  
  14  0:49  Pylon  
  14  0:51  Probe (Chrono Boost)  
  15  1:05  Probe (Chrono Boost)  
  16  1:15  Probe (Chrono Boost)  
  17  1:22  Zealot  
  19  1:26  Probe (Chrono Boost)  
  19  1:29  Cybernetics Core  
  20  1:36  Probe (Chrono Boost)  
  21  1:40  Assimilator  
  21  1:55  Gateway  
  21  1:57  Pylon  
  21  2:05  Probe (Chrono Boost)  
  21  2:07  Warp Gate (Chrono Boost)  
  22  2:16  Probe (Chrono Boost)  
  22  2:21  Adept  
  25  2:28  Pylon  
  25  2:43  Adept  
  27  2:47  Gateway  
  27  2:51  Pylon  
  27  2:57  Pylon  
  27  3:02  Zealot  
  29  3:14  Mothership Core  
  29  3:18  Adept  
  33  3:27  Pylon  
  33  3:31  Zealot  
  35  3:36  Zealot  
  37  3:41  Probe  
  38  4:09  Zealot  
  36  4:12  Probe  
  33  4:24  Probe  
  34  4:29  Pylon  
  34  4:31  Gateway  
  34  4:35  Pylon  
  34  4:36  Probe  
  35  4:43  Zealot  
  37  4:48  Probe  
  37  4:50  Zealot  
  40  5:00  Probe  
  41  5:15  Adept  
  41  5:16  Adept  
  41  5:19  Sentry  
  41  5:49  Adept  
  37  5:50  Zealot  
  37  5:51  Sentry  
  27  6:18  Adept  
  29  6:19  Adept  
  29  6:21  Zealot  
  33  6:26  Adept  
  35  6:34  Robotics Facility  
  35  6:39  Adept  
  37  6:41  Adept  
  37  6:43  Sentry  
  41  6:50  Adept  
  43  7:03  Adept  
  43  7:05  Zealot  
  31  7:50  Nexus  
  7  8:24  Zealot  
  7  8:26  Zealot  
  7  9:11  Probe  
  8  9:56  Probe  
  5  10:06  Probe  
  6  10:24  Probe  
Show
View Real Time Build Order
Export as new Build Order

zidar Zerg - Winner!

Build Orders: Pool First 

Get SALT Encoding   

  12  0:01  Drone  
  13  0:12  Overlord  
  13  0:17  Drone  
  14  0:30  Drone x2  
  14  0:34  Drone  
  17  0:48  Spawning Pool  
  16  0:50  Drone  
  17  1:13  Hatchery  
  17  1:15  Drone  
  17  1:18  Extractor  
  16  1:26  Drone  
  16  1:27  Drone  
  18  1:35  Queen  
  20  1:50  Drone  
  20  1:51  Overlord  
  21  1:56  Drone  
  22  2:14  Zergling x2  
  22  2:15  Zergling x2  
  24  2:16  Queen  
  26  2:29  Metabolic Boost  
  26  2:33  Zergling x4  
  28  2:43  Zergling x2  
  28  2:44  Zergling x2  
  30  2:56  Roach Warren  
  28  3:02  Zergling x2  
  28  3:03  Zergling x10  
  34  3:40  Drone x2  
  36  3:42  Overlord x2  
  36  3:43  Overlord  
  36  3:52  Overlord x2  
  24  4:17  Roach  
  24  4:18  Roach x4  
  34  4:25  Roach  
  34  4:26  Roach  
  38  4:36  Drone x2  
  38  4:37  Drone  
  41  4:51  Drone x4  
  45  5:12  Roach x5  
  55  5:22  Roach x3  
  49  5:50  Roach x6  
  49  5:51  Zergling x2, Roach x2  
  49  5:52  Zergling x2  
  61  6:04  Queen  
  61  6:29  Extractor  
  61  6:30  Extractor  
  61  6:31  Extractor  
  58  6:34  Drone x6  
  63  7:14  Roach  
  63  7:15  Roach x7  
  63  7:39  Roach x3  
  59  8:06  Roach x3  
  53  8:32  Hatchery  
  51  8:44  Hatchery  
  50  8:51  Roach  
  50  8:52  Roach x4  
  60  9:03  Queen  
  62  9:21  Roach  
  62  9:22  Roach x2  
  68  10:17  Queen  
Tags
 
Add a new tag
Caveats
  • Supply blocks, unpowered buildings, or Contaminate may cause inaccurate times.
  • Supply counts are checked every 10 seconds.